Lorskel, lawful male human Samurai --- ---- -----.-- |<.------......| ---.)............| |...------------.| -.---.--- --- |.| |.....-- --)-- |.| ---....| |...| ---.| |...-- --*.----...| |..f------%..||...-- --...@.|-....----..| |...--.|.....-- ---- |.............| ---...........- ---.......^.....| ---..........-- --..--.....| ------.---- -- Lorskel the Ninja Experience level: 7 Strength: 18 Dexterity: 14 Constitution: 18 Intelligence: 9 Wisdom: 10 Charisma: 7 Health: 0(66) Energy: 19(19) AC: 1 Gold: 133 Moves: 1834 Your Inventory: Coins $ - 133 gold pieces Weapons a - an uncursed +0 katana (alternate weapon; not wielded) b - an uncursed +3 wakizashi c - an uncursed +0 yumi d - 23 uncursed +0 ya (in quiver) I - an uncursed [rustproof +0] long sword named Excalibur [Excalibur] (weapon in hand) Armor e - an uncursed rustproof +0 splint mail (being worn) h - an uncursed rusty +0 orcish helm (being worn) v - an uncursed +0 cloak of protection (being worn) E - an uncursed [+0] mummy wrapping J - a cursed [-1] elven leather helm [of cold resistance] K - a cursed [+0] pair of snow boots [kicking] Comestibles k - 2 uncursed gunyoki n - an uncursed [stale] egg Scrolls y - an uncursed scroll labeled VERR YED HORRE [of confuse monster] M - a blessed scroll labeled AQUE BRAGH [of teleportation] N - a cursed scroll of magic mapping V - an [uncursed] scroll labeled VENZAR BORGAVVE [of create monster] Potions o - an uncursed potion of gain level O - a cursed potion of oil P - a cursed white potion [of see invisible] T - an uncursed clear potion [of water] U - an uncursed sparkling potion [of sake] Rings p - an uncursed ring of free action Q - a cursed ivory ring [of cold resistance] R - a cursed [+1] steel ring [of gain strength] Wands j - an uncursed wand of locking (0:7) C - an uncursed wand of striking [0:3] H - an uncursed wand of digging [0:6] S - a cursed glass wand [of magic missile (0:0)] W - a [cursed] wand of striking [0:3] Tools l - an uncursed skeleton key q - an uncursed can of grease (0:16) u - an uncursed bag of holding F - an uncursed magic whistle G - an uncursed [oil] lamp Spells known in the end: Name Level Category Fail Memory Your skills at the end: Fighting Skills martial arts [Basic / Master] Weapon Skills short sword [Basic / Expert] long sword [Basic / Expert] bow [Basic / Expert] Spellcasting Skills Final Attributes: You were devoutly aligned. Hunger level was 657. Your alignment was 17 / 19. Monster difficulty range was 1 - 8. Level difficulty was 9. You were immune to level-drain. You were telepathic. You had automatic searching. You were fast. Your luck was zero. You are dead. Vanquished creatures: 3 small mimics a gnome king a shrieker 5 gnome lords a little dog a floating eye a dwarf a kobold lord a hill orc 4 rothes a giant bat an iguana 2 coyotes a gas spore a large kobold 4 giant rats 3 yellow molds 27 gnomes a gecko 2 jackals a fox a goblin a grid bug 2 bats 3 lichens 2 newts 72 creatures vanquished. Voluntary challenges: You used a wielded weapon 78 times. You read items or engraved 5 times. You put on armor 3 times. You never genocided any monsters. You never polymorphed an object. You never changed form. You used no wishes. You never wrote Elbereth's name. You encountered 1 bones level. You never used any Sokoban shortcuts. Dungeon overview: The Dungeons of Doom: levels 1 to 5 Level 1 a long staircase Level 2 a general store, some fountains Level 3 a general store, a fountain Level 4 a general store, a fountain stairs to The Gnomish Mines Level 5 a general store The Gnomish Mines: levels 5 to 9 Level 5 stairs to The Dungeons of Doom Level 7 many shops, a temple to Amaterasu Omikami, a magic chest, a fountain, a sink Level 9 <- You were here History has recorded: On T:1 you entered the Dungeons of Doom to retrieve the Amulet of Yendor! On T:216 you reached level 2 of The Dungeons of Doom. On T:305 you advanced to experience level 2. On T:408 you advanced to experience level 3. On T:471 you reached level 3 of The Dungeons of Doom. On T:601 you advanced to experience level 4. On T:721 you advanced to experience level 5. On T:840 you reached level 4 of The Dungeons of Doom. On T:910 you advanced to experience level 6. On T:1055 you reached level 5 of The Dungeons of Doom. On T:1165 you reached level 1 of The Gnomish Mines. On T:1322 you advanced to experience level 7. On T:1378 you reached level 3 of The Gnomish Mines. On T:1501 you reached level 4 of The Gnomish Mines. On T:1756 you reached level 5 of The Gnomish Mines. Latest messages: The panther bites! [HP-9=19] You miss the panther. The panther hits! (2x) The panther bites! [HP-15=4] You feel better. [HP+11=15] You begin praying to Amaterasu Omikami. You are surrounded by a shimmering light. The panther starts to attack you, but pulls back. (4x) You finish your prayer. You feel that Amaterasu Omikami is well-pleased. [3 turns] You hit the panther! The panther hits! The panther misses. The panther bites! [HP-7=8] You hit the panther. The panther misses. The panther hits! The panther bites! The panther hits! You die... Final status: Sayonara Lorskel the Samurai... You died in The Gnomish Mines on dungeon level 9 with 2726 points, and 133 pieces of gold, after 1834 moves. You were level 7 with a maximum of 66 hit points when you died.